 Seeded DCSS version 0.29-a0-451-gfbfa42419e (webtiles) character file.

Game seed: 20220519 (custom seed)

94 bwicke the Sneak (level 4, -2/21 HPs)
             Began as a Vine Stalker Enchanter on May 19, 2022.
             Slain by a gnoll
             ... wielding a +0 whip
              (6 damage)
             ... on level 2 of the Dungeon.
             The game lasted 00:04:47 (1611 turns).

bwicke the Sneak (Vine Stalker Enchanter)           Turns: 1611, Time: 00:04:48

Health: -2/21      AC:  2    Str: 11    XL:     4   Next: 63%
Magic:  0/8        EV: 12    Int: 17    God:
Gold:   19         SH:  0    Dex: 14    Spells: 5/7 levels left

rFire   . . .      SeeInvis .   a - +1 dagger
rCold   . . .      Faith    .   (no shield)
rNeg    . . .      Spirit   +   b - +0 robe
rPois   .          Reflect  .   (no helmet)
rElec   .          Harm     .   (no cloak)
rCorr   .          Rampage  .   (no gloves)
Will    .....                   (no boots)
Stlth   +++.......              (no amulet)
HPRegen 0.87/turn               f - ring of flight
MPRegen 0.11/turn               (no ring)

@: flying
A: fangs 2, regeneration 1, magic shield, antimagic bite, no potion heal 2
a: no special abilities


You were on level 2 of the Dungeon.
You visited 1 branch of the dungeon, and saw 2 of its levels.

You collected 19 gold pieces.

Inventory:

Hand Weapons
 a - a +1 dagger (weapon)
 i - a +0 trident
 j - a +0 whip
Armour
 b - a +0 robe (worn)
Jewellery
 f - a ring of flight (left hand)
Scrolls
 d - a scroll of teleportation {unknown}
Potions
 c - 2 potions of invisibility
 e - a potion of haste {unknown}
 g - a potion of cancellation {unknown}
 h - 2 potions of flight {unknown}


   Skills:
 - Level 0.8 Short Blades
 - Level 1.5 Dodging
 + Level 6.7 Stealth
 - Level 2.1 Spellcasting
 - Level 3.0 Hexes


You had 5 spell levels left.
You knew the following spells:

 Your Spells              Type           Power      Damage    Failure   Level
a - Ensorcelled Hibernat  Hex/Ice        12%        N/A       16%         2

Your spell library contained the following spells:

 Spells                   Type           Power      Damage    Failure   Level
 Confusing Touch          Hex            12%        N/A       17%         3
 Tukima's Dance           Hex            12%        N/A       17%         3
 Dazzling Flash           Conj/Hex       12%        N/A       30%         3


Dungeon Overview and Level Annotations

Branches:
Dungeon (2/15)

Altars:

Annotations:
D:2 Jessica


Innate Abilities, Weirdness & Mutations

You have extremely sharp teeth.
Your natural rate of healing is unusually fast.
When hurt, damage is shared between your health and your magic reserves.
Your bite disrupts and absorbs the magic of your enemies.
Potions cannot restore your health.


Message History

You strike the helpless orc priest from behind!
You puncture the orc priest!
You kill the orc priest!
You have reached level 4!
You feel stronger.
You begin to heal more quickly.
A bat and a gnoll come into view.
The bat moves out of view.
The gnoll moves out of view.
A hobgoblin comes into view.
The bat hits you but does no damage.
The hobgoblin shouts!
The gnoll shouts!
You hit the bat. You bite the bat.
You kill the bat!
The hobgoblin shouts!
You hear a shout!
A gnoll comes into view. It is wielding a +0 whip.
You flicker for a moment.
The orc priest shouts!
The gnoll shouts!
You hit the gnoll.
The gnoll is lightly wounded.
You hear a shout!
Jessica the Apprentice Sorceress comes into view.
She is wielding a +2 vampiric dagger.
The gnoll barely misses you.
You hit the gnoll.
The gnoll is moderately wounded.
Jessica drinks a potion.
Jessica's spells are empowered!
The gnoll closely misses you.
You closely miss the gnoll.
The gnoll is moderately wounded.
The gnoll hits you with a +0 whip! The gnoll closely misses you.
You hit the gnoll. You bite the gnoll, but do no damage.
The gnoll is moderately wounded.
The gnoll hits you with a +0 whip. x2
You strike the helpless gnoll from behind!
You puncture the gnoll!
You kill the gnoll!
You flicker back into view.
The gnoll hits you with a +0 whip.
* * * LOW HITPOINT WARNING * * *
The gnoll attacks as you move away! The gnoll hits you with a +0 whip!
You die...

#. .##.# #.##.#
#.##.# #.##.# #
#####.##.#####.#
...............#
##.).....)....#
.B.#..@..#.#)#####
#.g.g..†..#.#
#....g....#.#
.....o......#.#
......@.....#.#
..#........##.# .
#.#.....###.#
#...........## #
.............##.#


You could see an orc priest, 2 gnolls, Jessica (empowered) and a hobgoblin.

Vanquished Creatures
  An orc priest (D:2)
  A gnoll (D:2)
  An adder (D:2)
  2 dart slugs
  3 orcs (D:2)
  2 ball pythons
  An endoplasm (D:1)
  A giant cockroach (D:1)
  3 hobgoblins (D:1)
  3 jackals (D:2)
  5 quokkas
  5 bats
  A frilled lizard (D:1)
  2 goblins (D:1)
  5 kobolds
  A rat (D:1)
37 creatures vanquished.

Notes
Turn   | Place    | Note
-------+----------+-------------------------------------------
     0 | D:1      | bwicke the Vine Stalker Enchanter began the quest for the
                  | Orb.
     0 | D:1      | Reached XP level 1. HP: 9/9 MP: 4/4
   146 | D:1      | Reached skill level 4 in Stealth
   324 | D:1      | Reached XP level 2. HP: 12/13 MP: 4/6
   338 | D:1      | Learned a level 2 spell: Ensorcelled Hibernation
   341 | D:1      | Found a faded altar of an unknown god.
   498 | D:1      | Reached skill level 5 in Stealth
   963 | D:1      | Reached XP level 3. HP: 13/16 MP: 5/7
  1595 | D:2      | Reached skill level 6 in Stealth
  1599 | D:2      | Gained mutation: Your natural rate of healing is unusually
                  | fast. [Vine Stalker growth]
  1599 | D:2      | Reached XP level 4. HP: 12/21 MP: 2/8
  1605 | D:2      | Noticed Jessica
  1611 | D:2      | Slain by a gnoll

Illustrated notes

Levels and vault maps discovered:
D:1:      minmay_arrival_checkered_box, layout_loops_ring,
          basic_ecumenical_altar, roderic_serpentine_path
D:2:      layout_loops_ring, st_stairs_5, uniq_jessica

Skill      XL: |  1  2  3 |
---------------+----------+-----
Stealth        | 4 5 6 |  6.7
Short Blades   | |  0.8
Dodging        | |  1.5
Spellcasting   | |  2.1
Hexes          | |  3.0

Action                   |  1- 3 |  4- 6 || total
-------------------------+-------+-------++-------
Melee: Dagger            |   113 |     6 ||   119
       Bite              |    25 |     2 ||    27
       Punch             |     2 |       ||     2
 Cast: Ensorcelled Hiber |     5 |       ||     5
  Use: Potion            |     1 |       ||     1
 Stab: Sleeping          |    10 |       ||    10
       Distracted        |     1 |       ||     1
       Invisible         |     3 |     1 ||     4
Armor: Robe              |    23 |     1 ||    24
Dodge: Dodged            |    79 |     3 ||    82

Table legend: (Time is in decaauts)
 A = Elapsed time spent in this place.
 B = Non-inter-level travel time spent in this place.
 C = Inter-level travel time spent in this place.
 D = Time resting spent in this place.
 E = Time spent auto-exploring this place.
 F = Levels seen in this place.
 G = Mean time per level.
                   A        B        C        D        E       F      G
               +--------+--------+--------+--------+--------+-----+--------+
         Total |   1605 |   1596 |      9 |    417 |    802 |   2 |  802.5 |
       Dungeon |   1605 |   1596 |      9 |    417 |    802 |   2 |  802.5 |
               +--------+--------+--------+--------+--------+-----+--------+

Top non-repeatable levels by time:
     D:1: 1176 daAuts
     D:2: 429 daAuts
